 Dungeon Crawl Stone Soup version 0.24.0-29-g8ce449bc06 (webtiles) character file.

Game seed: 5051453903528815511, levelgen mode: deterministic

268 theswoord the Shield-Bearer (level 6, -7/51 HPs)
             Began as a Minotaur Fighter on Nov 16, 2019.
             Killed by divine providence
             ... invoked by an orc priest
              (15 damage)
             ... on level 4 of the Dungeon.
             The game lasted 00:04:02 (2804 turns).

theswoord the Shield-Bearer (Minotaur Fighter)      Turns: 2804, Time: 00:04:03

Health: -7/51      AC:  9    Str: 21    XL:     6   Next: 1%
Magic:  5/5        EV:  8    Int:  5    God:
Gold:   163        SH: 10    Dex: 11    Spells: 5/5 levels left

rFire    . . .     SeeInvis +   a - +0 long sword
rCold    + . .     Gourm    .   c - +0 shield
rNeg     . . .     Faith    .   b - +0 scale mail
rPois    .         Spirit   .   (helmet restricted)
rElec    .         Reflect  .   (no cloak)
rCorr    .         Harm     .   (no gloves)
MR       .....                  g - +1 pair of boots
Stlth    ..........             (no amulet)
HPRegen  0.17/turn              p - ring of see invisible
MPRegen  0.09/turn              s - ring of protection from cold

@: no status effects
A: retaliatory headbutt, horns 2
a: no special abilities


You were on level 4 of the Dungeon.
You were not hungry.

You visited 1 branch of the dungeon, and saw 4 of its levels.

You collected 163 gold pieces.

Inventory:

Hand Weapons
 a - a +0 long sword (weapon)
Armour
 b - a +0 scale mail (worn)
 c - a +0 shield (worn)
 g - a +1 pair of boots (worn)
Jewellery
 p - a ring of see invisible (left hand)
 s - a ring of protection from cold (right hand)
Scrolls
 e - a scroll of amnesia
 h - 3 scrolls of teleportation
 j - 3 scrolls of magic mapping {unknown}
 m - a scroll of remove curse
 n - 4 scrolls of identify {unknown}
 o - 2 scrolls of fog {unknown}
Potions
 d - 3 potions of might
 i - a potion of flight {unknown}
 k - a potion of agility {unknown}
 l - a potion of invisibility {unknown}
 q - a potion of haste
 r - a potion of berserk rage {unknown}
Comestibles
 f - 10 rations


   Skills:
 - Level 3.6 Fighting
 + Level 5.6 Long Blades
 - Level 3.6 Armour
 + Level 6.3 Shields


You had 5 spell levels left.
You didn't know any spells.
Your spell library was empty.

Dungeon Overview and Level Annotations

Branches:
Dungeon (4/15)
 Temple: D:4-7

Altars:
Okawaru


Innate Abilities, Weirdness & Mutations

You reflexively headbutt those who attack you in melee.
You have a pair of horns on your head.


Message History

You block the orc priest's attack. The orc barely misses you.
You furiously retaliate!
You headbutt the orc, but do no damage. The orc priest hits you.
You block the orc's attack.
You hit the orc priest. Your headbutt misses the orc priest.
The orc priest is moderately wounded.
The orc priest calls upon Beogh to heal the orc priest.
The orc priest's wounds heal themselves!
The orc priest calls down the wrath of Beogh upon you.
Pain shoots through your body!
* * * LOW HITPOINT WARNING * * *
The orc barely misses you. You block the orc priest's attack.
You hit the orc priest but do no damage.
The orc priest invokes the aid of Beogh against you.
Beogh smites you!
* * * LOW HITPOINT WARNING * * *
The orc hits you with a +0 dagger.
* * * LOW HITPOINT WARNING * * *
The orc priest mumbles some strange prayers to Beogh against you.
Beogh smites you!
You die...

......'.......#..
......#.......#
......#.......#
......#..##...#
......#..###'########+##
......#...#............#
......#...#............#
......#..##...##..##..#
#..#######@.#
<..#.....ooo# +........#
#........# #........#
##.....### #####+


You could see 2 orc priests and an orc.

Vanquished Creatures
  A bullfrog (D:3)
  A worker ant (D:4)
  5 adders
  A shadow imp (D:2)
  An ooze (D:3)
  4 worms
  7 dart slugs
  2 leopard geckos (D:1)
  21 orcs
  A ball python (D:2)
  A giant cockroach (D:3)
  9 goblins
  7 hobgoblins
  A quokka (D:3)
  4 bats
  3 frilled lizards
  10 kobolds
  6 rats
85 creatures vanquished.

Notes
Turn   | Place    | Note
-------+----------+-------------------------------------------
     0 | D:1      | theswoord the Minotaur Fighter began the quest for the Orb.
     0 | D:1      | Reached XP level 1. HP: 19/19 MP: 0/0
    44 | D:1      | Reached skill level 4 in Shields
    44 | D:1      | Reached XP level 2. HP: 26/26 MP: 1/1
   223 | D:1      | Reached XP level 3. HP: 16/31 MP: 2/2
   399 | D:1      | You fall into a shaft and drop 1 floor!
   548 | D:2      | HP: 1/31 [ball python (1)]
   551 | D:2      | Reached XP level 4. HP: 13/39 MP: 3/3
   574 | D:2      | Found a faded altar of an unknown god.
   793 | D:2      | Reached skill level 5 in Shields
  1024 | D:2      | Found an iron altar of Okawaru.
  1274 | D:3      | Noticed a bullfrog
  1281 | D:3      | Killed a bullfrog
  1281 | D:3      | Reached skill level 5 in Long Blades
  1281 | D:3      | Reached XP level 5. HP: 44/45 MP: 4/4
  1392 | D:3      | Reached skill level 6 in Shields
  2462 | D:4      | Reached XP level 6. HP: 28/51 MP: 5/5
  2804 | D:4      | Killed from afar by an orc priest

Skill      XL: |  1  2  3  4  5 |
---------------+----------------+-----
Shields        | 4 5 6 |  6.3
Long Blades    | 3 4 5 |  5.6
Fighting       | |  3.6
Armour         | |  3.6

Action                   |  1- 3 |  4- 6 || total
-------------------------+-------+-------++-------
Melee: Long sword        |   116 |   123 ||   239
       Headbutt          |    16 |    26 ||    42
  Use: Potion            |     3 |       ||     3
       Scroll            |       |     4 ||     4
  Eat: Chunk             |       |     6 ||     6
Armor: Scale mail        |    38 |    36 ||    74
Dodge: Dodged            |    32 |    30 ||    62
Block: Shield            |    70 |    58 ||   128
       Rpst.: Long sword |     5 |     8 ||    13

Levels and vault maps discovered:
D:1:      dpeg_arrival_rooms_c, layout_loops_ring, minmay_misc_feat_square
D:2:      layout_loops_ring, chequers_ecumenical_altar_island,
          okawaru_gym_becter
D:3:      layout_basic
D:4:      layout_gridville, uniq_menkaure
